AoeStats
← Duke Skellington

Arena

507197522Analyzed
1v1 RM · 14d ago on Sep 17, 2026· 20m 40s· 2 players
Game mode
Random Map
Map size
Tiny (2 player)
Population
200
Speed
Normal
Resources
Standard
Victory
Conquest
Starting age
Dark Age
Ending age
Imperial Age
RankedLock teamsTeams togetherTeam positionsShared explorationLock speedFull tech treeHidden civsTurbo modeCheats
Victory
Defeat
🇨🇳 Khmer · China
460
+19
🇦🇺 Maya · Australia
534
-19
Kanata
4:49 Loom
12:27 Feudal Age
12:57 Horse Collar
15:53 Castle Age
18:44 Wheelbarrow
18:06 Double-Bit Axe
19:55 Heavy Plow
20:56 Husbandry
Duke Skellington
0:33 Loom
11:00 Feudal Age
14:22 Wheelbarrow
Connection lost

Rejoining the realm…

Still unreachable

The connection could not be restored.

Session expired

The server has moved on; the page needs a fresh start.